 Dungeon Crawl Stone Soup version 0.30.0-11-gf55b779eaf (webtiles) character file.

Game seed: 17821420514073805637

1097 edwardauron the Chopper (level 8, -3/87 HPs)
             Began as a Demonspawn Berserker on May 16, 2023.
             Was a Priest of Trog.
             Slain by a gnoll bouda
             ... wielding a +0 whip
              (5 damage)
             ... on level 6 of the Dungeon.
             The game lasted 00:05:21 (4296 turns).

edwardauron the Chopper (Demonspawn Berserker)      Turns: 4296, Time: 00:05:21

Health: -3/87      AC:  8    Str: 23    XL:     8   Next: 10%
Magic:  8/8        EV: 12    Int:  8    God:    Trog [***...]
Gold:   210        SH:  0    Dex: 13    Spells: 7/7 levels left

rFire   + + .        g - +0 war axe
rCold   . . .        (no shield)
rNeg    + . .        t - +1 leather armour of the Teacher {-Tele rF++ rN+ Str+3}
rPois   .            (no helmet)
rElec   .            (no cloak)
rCorr   +            c - +0 pair of gloves
SInv    .            (no boots)
Will    .....        (no amulet)
Stlth   x              - ring of resist corrosion
HPRegen 0.34/turn    (no ring)
MPRegen 0.11/turn

%: no teleportation
@: berserking (expiring), weakened, very quick
A: hooves 1, yellow scales 1, ignite blood 1
a: Renounce Religion, Berserk, Trog's Hand


You were on level 6 of the Dungeon.
You worshipped Trog.
Trog was most pleased with you.
You visited 1 branch of the dungeon, and saw 6 of its levels.

You collected 210 gold pieces.

Inventory:

Hand Weapons
 g - a +0 war axe (weapon)
Armour
 c - a +0 pair of gloves (worn)
 k - a +0 crystal plate armour
 t - the +1 leather armour of the Teacher (worn) {-Tele rF++ rN+ Str+3}
   (You found it on level 4 of the Dungeon)

   Str:       It affects your strength (+3).
   rF:        It greatly protects you from fire.
   rN:        It protects you from negative energy.
   -Tele:     It prevents most forms of teleportation.
 w - a +0 buckler
Jewellery
 x - a ring of resist corrosion (left hand)
Wands
 p - a wand of iceblast (11)
 s - a wand of flame (13)
Scrolls
 a - 3 scrolls of teleportation
 d - 3 scrolls of poison
 f - a scroll of noise {unknown}
 h - 2 scrolls of torment {unknown}
 l - a scroll of enchant weapon {unknown}
 m - a scroll of vulnerability {unknown}
 n - a scroll of immolation {unknown}
 q - a scroll of fear {unknown}
 u - 2 scrolls of brand weapon {unknown}
Potions
 b - a potion of berserk rage
 e - a potion of resistance
 i - 3 potions of cancellation
 j - a potion of heal wounds {unknown}
 o - 2 potions of invisibility {unknown}
 r - 2 potions of lignification {unknown}
 v - a potion of brilliance {unknown}
 z - a potion of mutation {unknown}


   Skills:
 - Level 3.0 Fighting
 + Level 7.1 Axes
 - Level 6.0 Armour
 - Level 1.7 Dodging


You had 7 spell levels left.
You didn't know any spells.
Your spell library contained the following spells:

 Spells                   Type           Power      Damage    Failure   Level
 Apportation              Tloc           0%         N/A       43%         1
 Freeze                   Ice            0%         1d3       43%         1
 Necrotise                Necr           0%         1d4       43%         1
 Summon Small Mammal      Summ           0%         N/A       43%         1
 Dazzling Flash           Conj/Hex       0%         N/A       82%         3
 Frozen Ramparts          Ice            0%         1d1       82%         3
 Hailstorm                Conj/Ice       0%         3d3       82%         3
 Agony                    Necr           0%         N/A       100%        5
 Silence                  Hex/Air        0%         N/A       100%        5


Dungeon Overview and Level Annotations

Branches:
Dungeon (6/15)             Temple (0/1) D:4

Altars:
Ru
Sif Muna
Wu Jian

Shops:
D:2 !


Innate Abilities, Weirdness & Mutations

You have large cloven feet.
You are partially covered in yellow scales. (AC +2)
Your demonic aura sometimes causes spilled blood to erupt in flames.


Message History

The gnoll bouda gazes fiercely through you!
You feel your attacks grow feeble.
The gnoll bouda hits you with a +0 whip!
* * * LOW HITPOINT WARNING * * *
The gnoll hits you but does no damage. The gnoll closely misses you.
The gnoll bouda misses you.
You hit the gnoll. You kick the gnoll!
The gnoll is almost dead.
You hit the gnoll. You hit the gnoll bouda. The gnoll barely misses you.
You slash the gnoll!
You feel the power of Trog in you as your rage grows.
You kill the gnoll!
Trog accepts your kill.
You barely miss the gnoll bouda. You barely miss the gnoll.
The gnoll bouda misses you. The gnoll hits you but does no damage.
You closely miss the gnoll. Your kick misses the gnoll.
The gnoll is moderately wounded.
You closely miss the gnoll bouda.
The gnoll is no longer moving quickly.
The gnoll bouda hits you with a +0 whip.
* * * LOW HITPOINT WARNING * * *
The gnoll hits you with a +0 spear.
* * * LOW HITPOINT WARNING * * *
You are too berserk!
You slash the gnoll!
The gnoll is almost dead.
You completely miss the gnoll bouda.
The gnoll bouda hits you with a +0 whip.
* * * LOW HITPOINT WARNING * * *
You hit the gnoll.
You kill the gnoll!
Trog accepts your kill.
You hit the gnoll bouda. You closely miss the gnoll bouda.
Your kick misses the gnoll bouda.
The gnoll bouda is moderately wounded.
The gnoll bouda hits you with a +0 whip.
* * * LOW HITPOINT WARNING * * *
You barely miss the gnoll bouda.
The gnoll bouda is moderately wounded.
The gnoll bouda hits you with a +0 whip.
You die...

#.#.....#...
#.#.#.###.#
#.#.#.#...
#.#.#.#.#####
#.#.#.......#
#.#.###.#...#
######.#.# #.# #.#
......)#)###.###.#
......)@.........#
########g###.#####
...# #.# ##### #.#
#.# #.. #.# ###


You could see a gnoll bouda.

Vanquished Creatures
  An ice beast (D:5)
  2 black bears
  A centaur (D:6)
  A phantom (D:5)
  A scorpion (D:4)
  A gnoll sergeant (D:5)
  A howler monkey (D:4)
  2 hounds
  A jelly (D:6)
  3 orc priests
  An iguana (D:6)
  2 orc wizards
  12 gnolls
  2 white imps
  A dart slug (D:4)
  21 orcs
  5 ball pythons
  7 bats
  7 endoplasms
  2 giant cockroaches
  8 hobgoblins
  3 jackals (D:2)
  3 quokkas
  4 frilled lizards
  7 goblins
  10 kobolds
  3 rats
112 creatures vanquished.

Vanquished Creatures (others)
  An orc (D:3)
1 creature vanquished.

Grand Total: 113 creatures vanquished

Notes
Turn   | Place    | Note
-------+----------+-------------------------------------------
     0 | D:1      | edwardauron the Demonspawn Berserker began the quest for
                  | the Orb.
     0 | D:1      | Reached XP level 1. HP: 18/18 MP: 1/1
   249 | D:1      | Reached skill level 3 in Axes
   629 | D:1      | Gained mutation: You have large cloven feet. [demonic
                  | ancestry]
   629 | D:1      | Reached XP level 2. HP: 20/24 MP: 2/2
  1055 | D:2      | Reached XP level 3. HP: 16/29 MP: 3/3
  1060 | D:2      | Gained mutation: You are partially covered in yellow
                  | scales. (AC +2) [demonic ancestry]
  1060 | D:2      | Reached XP level 4. HP: 21/35 MP: 4/4
  1222 | D:2      | Found Vadeguim's Distillery.
  1649 | D:3      | Reached XP level 5. HP: 37/41 MP: 5/5
  1656 | D:3      | Reached ** piety under Trog
  1663 | D:3      | Found a shimmering blue altar of Sif Muna.
  2395 | D:4      | Reached skill level 4 in Axes
  2543 | D:4      | Gained mutation: Your demonic aura sometimes causes spilled
                  | blood to erupt in flames. [demonic ancestry]
  2543 | D:4      | Reached XP level 6. HP: 35/47 MP: 6/6
  2716 | D:4      | Reached skill level 5 in Armour
  2833 | D:4      | Identified the staff of fire "San Qiur" {Contam rF+ Int+6}
  3222 | D:4      | Identified the +1 leather armour of the Teacher {-Tele rF++
                  | rN+ Str+3}
  3257 | D:4      | Found a staircase to the Ecumenical Temple.
  3259 | D:4      | Reached *** piety under Trog
  3363 | D:5      | Entered Level 5 of the Dungeon
  3397 | D:5      | Noticed an ice beast
  3406 | D:5      | Killed an ice beast
  3407 | D:5      | Reached skill level 5 in Axes
  3407 | D:5      | Reached XP level 7. HP: 52/52 MP: 7/7
  3551 | D:5      | Found a sacrificial altar of Ru.
  3551 | D:5      | Found an ornate altar of the Wu Jian Council.
  3862 | D:5      | Reached skill level 6 in Axes
  4089 | D:6      | Reached skill level 7 in Axes
  4089 | D:6      | Reached XP level 8. HP: 12/58 MP: 8/8
  4295 | D:6      | HP: 1/87 [gnoll bouda/+0 whip (4)]
  4296 | D:6      | Slain by a gnoll bouda

Illustrated notes

Levels and vault maps discovered:
D:1:      denvon_arrival_waterhouse, layout_basic
D:2:      layout_basic, serial_shops, nicolae_shop_industrial_runoff
D:3:      layout_rooms, lemuel_round_altar
D:4:      layout_loops_ring, minmay_temple_entry_wispy
D:5:      layout_rooms, gammafunk_temple_overflow_pools
D:6:      layout_basic, lightli_temple_of_fire, serial_shops, shop

Skill      XL: |  1  2  3  4  5  6  7 |
---------------+----------------------+-----
Axes           | 3 4 5 7 |  7.1
Armour         | 2 3 4 5 6 |  6.0
Fighting       | |  3.0
Dodging        | |  1.7

Action                     |  1- 3 |  4- 6 |  7- 9 || total
---------------------------+-------+-------+-------++-------
  Melee: Hand axe          |    12 |       |       ||    12
         War axe           |    32 |   127 |    68 ||   227
         Kick              |    10 |    19 |    15 ||    44
         Punch             |       |       |     1 ||     1
 Invoke: Berserk           |     2 |     2 |     2 ||     6
    Use: Scroll            |       |     4 |     3 ||     7
 Armour: Animal skin       |     6 |       |       ||     6
         Leather armour    |     6 |    49 |    35 ||    90
  Dodge: Dodged            |    27 |    90 |    74 ||   191
